BSA
NASHVILLE G-STRINGS @ FRESNO DEPLORABLES
08/30/2027
 
TOP OF THE 1ST
Madison Bombers batting - Pitching for Fresno Deplorables : LHP Allan Bader
Pitching: LHP Allan Bader
Batting: RHB Vicente Aguirre 0-0: Ground out 4-3 (Groundball, 4)
Batting: LHB George Smith 0-0: Ball
1-0: Ball
2-0: Foul Ball, location: 2F
2-1: Ball
3-1: Called Strike
3-2: SINGLE (Groundball, 4MD)
Batting: RHB Sergio Márquez 0-0: Called Strike
0-1: Fielders Choice at 2nd, 6-4 (Groundball, 6M)
Batting: LHB Mike Callahan 0-0: Ball
1-0: Foul Ball, location: 2F
1-1: SINGLE (Flyball, 8RS)
Sergio Márquez to second
Runner from 2nd tries for 3rd, SAFE, no throw
Batting: SHB Jorge Flores 0-0: Called Strike
0-1: Ball
1-1: Called Strike
1-2: Strikes out swinging
Top of the 1st over - 0 run(s), 2 hit(s), 0 error(s), 2 left on base; Madison 0 - Fresno 0
BOTTOM OF THE 1ST
Fresno Deplorables batting - Pitching for Madison Bombers : RHP Guy Hebert
Pitching: RHP Guy Hebert
Batting: RHB Dani Vázquez 0-0: Ball
1-0: Ball
2-0: Called Strike
2-1: Foul Ball, location: 2F
2-2: DOUBLE (Groundball, 5L)
Batting: LHB Paul Mullins 0-0: Swinging Strike
0-1: Fly out, F9 (Flyball, 89M)
Batting: LHB Jeff Daniels 0-0: Called Strike
0-1: Ball
1-1: SINGLE (Flyball, 8LS)
Dani Vázquez to third
Batting: LHB Troy Donaldson 0-0: 3-RUN HOME RUN (Flyball, 89XD), Distance : 382 ft
Batting: RHB Paco Arellano 0-0: Called Strike
0-1: Foul Ball, location: 2F
0-2: Ground out 4-3 (Groundball, 4MS)
Batting: RHB Manolo Román 0-0: Called Strike
0-1: Swinging Strike
0-2: Ball
1-2: Fly out, F7 (Flyball, 78S)
Bottom of the 1st over - 3 run(s), 3 hit(s), 0 error(s), 0 left on base; Madison 0 - Fresno 3
TOP OF THE 2ND
Madison Bombers batting - Pitching for Fresno Deplorables : LHP Allan Bader
Batting: RHB Will Brown 0-0: Called Strike
0-1: Ball
1-1: Foul Ball, location: 2F
1-2: Strikes out swinging
Batting: SHB Ricardo Arévalo 0-0: Ball
1-0: Ball
2-0: Ground out 4-3 (Groundball, 4)
Batting: RHB Javier Deleón 0-0: Ball
1-0: Foul Ball, location: 2F
1-1: Ground out 6-3 (Groundball, 6)
Top of the 2nd over - 0 run(s), 0 hit(s), 0 error(s), 0 left on base; Madison 0 - Fresno 3
BOTTOM OF THE 2ND
Fresno Deplorables batting - Pitching for Madison Bombers : RHP Guy Hebert
Batting: LHB Keith Beard 0-0: Foul Ball, location: 2F
0-1: Ball
1-1: Ball
2-1: Ball
3-1: Bunted foul
3-2: Foul Ball, location: 2F
3-2: Foul Ball, location: 2F
3-2: Foul Ball, location: 2F
3-2: Foul Ball, location: 2F
3-2: Foul Ball, location: 2F
3-2: Foul Ball, location: 2F
3-2: SINGLE (Line Drive, 8RS)
Batting: RHB Aaron Scott 0-0: Fly out, F9 (Flyball, 9)
Batting: RHB Germán Rosales 0-0: Fly out, F3 (Popup, 3S)
Batting: RHB Dani Vázquez 0-0: Ball
1-0: Ball
2-0: Swinging Strike
2-1: Foul Ball, location: 2F
2-2: Foul Ball, location: 2F
2-2: Foul Ball, location: 2F
2-2: Ball
3-2: Foul Ball, location: 2F
3-2: SINGLE (Flyball, 9S)
Keith Beard to second
Keith Beard to third
Batting: LHB Paul Mullins 0-0: Ball
1-0: Foul Ball, location: 2F
1-1: Foul Ball, location: 2F
1-2: Ball
2-2: Ball
3-2: Base on Balls
Dani Vázquez to second
Batting: LHB Jeff Daniels 0-0: Ball
1-0: Ball
2-0: Ball
3-0: Base on Balls
Keith Beard scores
Dani Vázquez to third
Paul Mullins to second
Batting: LHB Troy Donaldson 0-0: Ball
1-0: Foul Ball, location: 2F
1-1: Fly out, F8 (Flyball, 8RD)
Bottom of the 2nd over - 1 run(s), 2 hit(s), 0 error(s), 3 left on base; Madison 0 - Fresno 4
TOP OF THE 3RD
Madison Bombers batting - Pitching for Fresno Deplorables : LHP Allan Bader
Batting: SHB Martín Medina 0-0: Called Strike
0-1: Foul Ball, location: 2F
0-2: Foul Ball, location: 2F
0-2: Ball
1-2: Strikes out swinging
Batting: RHB Vicente Aguirre 0-0: Foul Ball, location: 2F
0-1: Fly out, F8 (Flyball, 8RXD)
Batting: LHB George Smith 0-0: Foul Ball, location: 2F
0-1: Swinging Strike
0-2: SINGLE (Groundball, 3S) (infield hit)
Batting: RHB Sergio Márquez 0-0: Foul Ball, location: 2F
0-1: Ball
1-1: Called Strike
1-2: Strikes out swinging
Top of the 3rd over - 0 run(s), 1 hit(s), 0 error(s), 1 left on base; Madison 0 - Fresno 4
BOTTOM OF THE 3RD
Fresno Deplorables batting - Pitching for Madison Bombers : RHP Guy Hebert
Batting: RHB Paco Arellano 0-0: Called Strike
0-1: Ball
1-1: Swinging Strike
1-2: SINGLE (Line Drive, 9S)
Batting: RHB Manolo Román 0-0: Ball
1-0: Swinging Strike
1-1: Foul Ball, location: 2F
1-2: Ball
2-2: Ball
3-2: Foul Ball, location: 2F
3-2: SINGLE (Groundball, 6MD)
Paco Arellano to second
Batting: LHB Keith Beard 0-0: Ball
1-0: Swinging Strike
1-1: Ball
2-1: Fielders Choice at 2nd, 4-6 (Groundball, 34)
Paco Arellano to third
Batting: RHB Aaron Scott 0-0: Ball
1-0: Ball
2-0: Ball
3-0: Base on Balls
Keith Beard to second
Batting: RHB Germán Rosales 0-0: Called Strike
0-1: Swinging Strike
0-2: Strikes out swinging
Batting: RHB Dani Vázquez 0-0: Ground out U3 (Groundball, 3L)
Bottom of the 3rd over - 0 run(s), 2 hit(s), 0 error(s), 3 left on base; Madison 0 - Fresno 4
TOP OF THE 4TH
Madison Bombers batting - Pitching for Fresno Deplorables : LHP Allan Bader
Batting: LHB Mike Callahan 0-0: Called Strike
0-1: Ball
1-1: Foul Ball, location: 2F
1-2: SINGLE (Flyball, 6MD)
Batting: SHB Jorge Flores 0-0: Called Strike
0-1: Called Strike
0-2: Ball
Passed Ball!
Mike Callahan to second
1-2: Ball
2-2: Fly out, F8 (Flyball, 8LS)
Batting: RHB Will Brown 0-0: Foul Ball, location: 2F
0-1: Ground out 4-3 (Groundball, 4)
Mike Callahan to third
Batting: SHB Ricardo Arévalo 0-0: Ground out 5-3 (Groundball, 56)
Top of the 4th over - 0 run(s), 1 hit(s), 0 error(s), 1 left on base; Madison 0 - Fresno 4
BOTTOM OF THE 4TH
Fresno Deplorables batting - Pitching for Madison Bombers : RHP Guy Hebert
Batting: LHB Paul Mullins 0-0: Ball
1-0: SINGLE (Line Drive, 7LS)
Batting: LHB Jeff Daniels 0-0: Ball
1-0: Called Strike
1-1: Foul Ball, location: 2F
1-2: Ball
2-2: Foul Ball, location: 2F
2-2: Foul Ball, location: 2F
2-2: Foul Ball, location: 2F
2-2: SINGLE (Groundball, 34D)
Paul Mullins to second
Runner from 2nd tries for 3rd, SAFE, throw made to third
Batting: LHB Troy Donaldson 0-0: Ball
1-0: Fly out, F7 (Flyball, 7S)
Batting: RHB Paco Arellano 0-0: Called Strike
0-1: Foul Ball, location: 2F
0-2: Strikes out swinging
Batting: RHB Manolo Román 0-0: Ball
1-0: Fly out, F9 (Flyball, 9S)
Bottom of the 4th over - 0 run(s), 2 hit(s), 0 error(s), 2 left on base; Madison 0 - Fresno 4
TOP OF THE 5TH
Madison Bombers batting - Pitching for Fresno Deplorables : LHP Allan Bader
Batting: RHB Javier Deleón 0-0: SINGLE (Flyball, 9LS)
Batting: SHB Martín Medina 0-0: Called Strike
0-1: Foul Ball, location: 2F
0-2: Strikes out looking
Batting: RHB Vicente Aguirre 0-0: Called Strike
0-1: Swinging Strike
0-2: Strikes out looking
Javier Deleón steals 2nd base
Batter strikes out.
Batting: LHB George Smith 0-0: Called Strike
0-1: Ball
1-1: Ball
2-1: Ball
3-1: Foul Ball, location: 2F
3-2: Foul Ball, location: 2F
3-2: Base on Balls
Batting: RHB Sergio Márquez 0-0: Swinging Strike
0-1: Swinging Strike
0-2: Foul Ball, location: 2F
0-2: Ball
1-2: Ball
2-2: SINGLE (Flyball, 78S)
Javier Deleón to third
George Smith to second
Runner from 3rd tries for Home, SAFE, throw made at trailing runner, OUT at third!
Top of the 5th over - 1 run(s), 2 hit(s), 0 error(s), 1 left on base; Madison 1 - Fresno 4
BOTTOM OF THE 5TH
Fresno Deplorables batting - Pitching for Madison Bombers : RHP Guy Hebert
Batting: LHB Keith Beard 0-0: Fly out, F9 (Line Drive, 9)
Batting: RHB Aaron Scott 0-0: Ball
1-0: Ball
2-0: Called Strike
2-1: Ball
3-1: Base on Balls
Batting: RHB Germán Rosales 0-0: Ball
1-0: Ball
2-0: Called Strike
2-1: Grounds into double play, 1-6-3 (Groundball, P)
Bottom of the 5th over - 0 run(s), 0 hit(s), 0 error(s), 0 left on base; Madison 1 - Fresno 4
TOP OF THE 6TH
Madison Bombers batting - Pitching for Fresno Deplorables : LHP Allan Bader
Batting: LHB Mike Callahan 0-0: Ball
1-0: Swinging Strike
1-1: Foul Ball, location: 2F
1-2: Foul Ball, location: 2F
1-2: Foul Ball, location: 2F
1-2: Fly out, F5 (Line Drive, 56)
Batting: SHB Jorge Flores 0-0: Ball
1-0: Ball
2-0: Ball
3-0: Called Strike
3-1: Base on Balls
Pitching: LHP José Garza
Batting: RHB Will Brown 0-0: Ball
1-0: Foul Ball, location: 2F
1-1: Single, Error in OF, E7, batter to second base
Jorge Flores to third
Batting: SHB Ricardo Arévalo 0-0: Ball
1-0: Foul Ball, location: 2F
1-1: Foul Ball, location: 2F
1-2: Strikes out swinging
Batting: RHB Javier Deleón 0-0: Ball
1-0: Ball
2-0: Called Strike
2-1: Foul Ball, location: 2F
2-2: Foul Ball, location: 2F
2-2: Ball
3-2: 3-RUN HOME RUN (Flyball, 7D), Distance : 349 ft
Batting: SHB Martín Medina 0-0: Ball
1-0: Foul Ball, location: 2F
1-1: Ball
2-1: Foul Ball, location: 2F
2-2: Ball
3-2: SINGLE (Flyball, 89S)
Batting: RHB Vicente Aguirre 0-0: Ball
1-0: Swinging Strike
1-1: Ball
2-1: Swinging Strike
2-2: Ball
3-2: DOUBLE (Line Drive, 78D)
Martín Medina to third
Martín Medina scores
Pitching: RHP José Rivera
Batting: LHB George Smith 0-0: Foul Ball, location: 2F
0-1: SINGLE (Groundball, 34D)
Vicente Aguirre to third
Runner from 3rd tries for Home, SAFE, no throw
Batting: RHB Sergio Márquez 0-0: Ball
1-0: Ball
2-0: Fielders Choice at 2nd, 5-4 (Groundball, 5)
Top of the 6th over - 5 run(s), 5 hit(s), 1 error(s), 0 left on base; Madison 6 - Fresno 4
BOTTOM OF THE 6TH
Fresno Deplorables batting - Pitching for Madison Bombers : RHP Guy Hebert
Pitching: LHP Raúl Sandoval
Batting: RHB Dani Vázquez 0-0: Ball
1-0: SINGLE (Line Drive, 7S)
Batting: LHB Paul Mullins 0-0: Ball
1-0: Swinging Strike
1-1: Ball
2-1: Ball
3-1: Grounds into double play, 5-4-3 (Groundball, 5)
Batting: LHB Jeff Daniels 0-0: Ball
1-0: Ball
2-0: Called Strike
2-1: SINGLE (Groundball, 56D)
Batting: LHB Troy Donaldson 0-0: Called Strike
0-1: Foul Ball, location: 2F
0-2: Ball
1-2: Ball
2-2: Foul Ball, location: 2F
2-2: Fielders Choice at 2nd, 4-6 (Groundball, 4)
Bottom of the 6th over - 0 run(s), 2 hit(s), 0 error(s), 0 left on base; Madison 6 - Fresno 4
TOP OF THE 7TH
Madison Bombers batting - Pitching for Fresno Deplorables : RHP José Rivera
Batting: LHB Mike Callahan 0-0: Ball
1-0: Called Strike
1-1: Called Strike
1-2: Foul Ball, location: 2F
1-2: Ball
2-2: Ball
3-2: Fly out, F7 (Flyball, 7LM)
Batting: SHB Jorge Flores 0-0: Ball
1-0: Ball
2-0: Called Strike
2-1: Ground out U3 (Groundball, 3L)
Batting: RHB Will Brown 0-0: Swinging Strike
0-1: Foul Ball, location: 2F
0-2: Ball
1-2: Foul Ball, location: 2F
1-2: Foul Ball, location: 2F
1-2: Ball
2-2: SINGLE (Groundball, 6MD)
Batting: SHB Ricardo Arévalo 0-0: Ball
1-0: Ball
2-0: Ball
3-0: Base on Balls
Will Brown to second
Batting: RHB Javier Deleón 0-0: Fly out, F7 (Flyball, 7D)
Top of the 7th over - 0 run(s), 1 hit(s), 0 error(s), 2 left on base; Madison 6 - Fresno 4
BOTTOM OF THE 7TH
Fresno Deplorables batting - Pitching for Madison Bombers : LHP Raúl Sandoval
Batting: RHB Paco Arellano 0-0: Ball
1-0: Called Strike
1-1: SINGLE (Flyball, 8RS)
Batting: RHB Manolo Román 0-0: Ball
1-0: Foul Ball, location: 2F
1-1: Sac Bunt - play at first, batter OUT! 1-3
Paco Arellano to second
Batting: LHB Keith Beard 0-0: Ball
1-0: Swinging Strike
1-1: Ground out U3 (Groundball, 34)
Paco Arellano to third
Batting: RHB Aaron Scott 0-0: Fly out, F9 (Flyball, 89M)
Bottom of the 7th over - 0 run(s), 1 hit(s), 0 error(s), 1 left on base; Madison 6 - Fresno 4
TOP OF THE 8TH
Madison Bombers batting - Pitching for Fresno Deplorables : RHP José Rivera
Batting: SHB Martín Medina 0-0: Called Strike
0-1: Ball
1-1: Swinging Strike
1-2: Ball
2-2: Strikes out looking
Batting: RHB Vicente Aguirre 0-0: Ball
1-0: Foul Ball, location: 2F
1-1: Foul Ball, location: 2F
1-2: Foul Ball, location: 2F
1-2: Foul Ball, location: 2F
1-2: Strikes out swinging
Batting: LHB George Smith 0-0: Ball
1-0: Swinging Strike
1-1: Ball
2-1: Ball
3-1: Swinging Strike
3-2: Foul Ball, location: 2F
3-2: Foul Ball, location: 2F
3-2: SINGLE (Groundball, 34D)
Batting: RHB Sergio Márquez 0-0: SINGLE (Groundball, 4MD)
George Smith to second
Runner from 2nd tries for 3rd, SAFE after rundown.
Pitching: LHP Rubén Martínez
Batting: LHB Mike Callahan 0-0: Called Strike
0-1: Ball
1-1: Ball
2-1: Called Strike
2-2: Strikes out looking
Top of the 8th over - 0 run(s), 2 hit(s), 0 error(s), 2 left on base; Madison 6 - Fresno 4
BOTTOM OF THE 8TH
Fresno Deplorables batting - Pitching for Madison Bombers : LHP Raúl Sandoval
Batting: RHB Germán Rosales 0-0: Ground out 4-3 (Groundball, 4)
Batting: RHB Dani Vázquez 0-0: Fly out, F9 (Flyball, 9S)
Batting: LHB Paul Mullins 0-0: Ball
1-0: Ball
2-0: Ball
3-0: Called Strike
3-1: Foul Ball, location: 2F
3-2: Ground out U3 (Groundball, 3)
Bottom of the 8th over - 0 run(s), 0 hit(s), 0 error(s), 0 left on base; Madison 6 - Fresno 4
TOP OF THE 9TH
Madison Bombers batting - Pitching for Fresno Deplorables : LHP Rubén Martínez
Pitching: RHP César Menéndez
Batting: SHB Jorge Flores 0-0: Ball
1-0: Ball
2-0: Called Strike
2-1: Foul Ball, location: 2F
2-2: Foul Ball, location: 2F
2-2: Foul Ball, location: 2F
2-2: Strikes out looking
Batting: RHB Will Brown 0-0: Called Strike
0-1: Ball
1-1: Ball
2-1: Swinging Strike
2-2: Strikes out looking
Batting: SHB Ricardo Arévalo 0-0: Ball
1-0: Ball
2-0: Ground out 5-3 (Groundball, 56)
Top of the 9th over - 0 run(s), 0 hit(s), 0 error(s), 0 left on base; Madison 6 - Fresno 4
BOTTOM OF THE 9TH
Fresno Deplorables batting - Pitching for Madison Bombers : LHP Raúl Sandoval
Pitching: RHP Carlos Ruíz
Batting: LHB Jeff Daniels 0-0: Fly out, F7 (Flyball, 78M)
Batting: LHB Troy Donaldson 0-0: Called Strike
0-1: Ball
1-1: Foul Ball, location: 2F
1-2: Foul Ball, location: 2F
1-2: Ball
2-2: Ball
3-2: DOUBLE (Flyball, 9D)
Batting: RHB Paco Arellano 0-0: Ground out 4-3 (Groundball, 4)
Troy Donaldson to third
Batting: RHB Manolo Román 0-0: DOUBLE (Line Drive, 8LXD)
Troy Donaldson scores
Batting: LHB Keith Beard 0-0: Called Strike
0-1: Foul Ball, location: 2F
0-2: Ball
1-2: Ball
2-2: Ball
3-2: SINGLE (Groundball, 4D)
Manolo Román to third
Manolo Román scores
Pinch Runner at 1st John Cotton:
Batting: RHB Aaron Scott 0-0: SINGLE (Groundball, 4MD)
John Cotton to second
Runner from 2nd tries for 3rd, SAFE, throw made to third
Batting: RHB Germán Rosales 0-0: Fly out, F9 (Flyball, 9)
Bottom of the 9th over - 2 run(s), 4 hit(s), 0 error(s), 2 left on base; Madison 6 - Fresno 6
TOP OF THE 10TH
Madison Bombers batting - Pitching for Fresno Deplorables : RHP César Menéndez
Pitching: LHP Valentín Reséndez
Now in CF: Peter Hensley
Batting: RHB Javier Deleón 0-0: Foul Ball, location: 2F
0-1: Ball
1-1: Foul Ball, location: 2F
1-2: Strikes out looking
Batting: SHB Martín Medina 0-0: Called Strike
0-1: Called Strike
0-2: Ball
1-2: Foul Ball, location: 2F
1-2: Strikes out swinging
Batting: RHB Vicente Aguirre 0-0: Ball
1-0: Called Strike
1-1: Called Strike
1-2: Ball
2-2: Foul Ball, location: 2F
2-2: Ball
3-2: Foul Ball, location: 2F
3-2: Base on Balls
Pinch Hitting: RHB Juan Costello 0-0: Ball
1-0: Ball
2-0: Called Strike
2-1: Ball
3-1: SINGLE (Groundball, 34D)
Vicente Aguirre to second
Runner from 2nd tries for 3rd, OUT!
Top of the 10th over - 0 run(s), 1 hit(s), 0 error(s), 1 left on base; Madison 6 - Fresno 6
BOTTOM OF THE 10TH
Fresno Deplorables batting - Pitching for Madison Bombers : RHP Carlos Ruíz
Now at C: John Horton
Now in RF: John Latham
Batting: RHB Dani Vázquez 0-0: Called Strike
0-1: Called Strike
0-2: Ball
1-2: Ball
2-2: Foul Ball, location: 2F
2-2: Foul Ball, location: 2F
2-2: Ball
3-2: Foul Ball, location: 2F
3-2: Ground out 4-3 (Groundball, 4S)
Batting: LHB Paul Mullins 0-0: Called Strike
0-1: Ball
1-1: Fly out, F7 (Flyball, 7D)
Batting: LHB Jeff Daniels 0-0: Ball
1-0: Called Strike
1-1: Ball
2-1: Ball
3-1: Foul Ball, location: 2F
3-2: Fly out, F8 (Flyball, 8LS)
Bottom of the 10th over - 0 run(s), 0 hit(s), 0 error(s), 0 left on base; Madison 6 - Fresno 6
TOP OF THE 11TH
Madison Bombers batting - Pitching for Fresno Deplorables : LHP Valentín Reséndez
Batting: RHB Sergio Márquez 0-0: Ball
1-0: Ball
2-0: Ball
3-0: Base on Balls
Batting: LHB Mike Callahan 0-0: Foul Ball, location: 2F
0-1: Swinging Strike
0-2: Strikes out swinging
Batting: SHB Jorge Flores 0-0: Ball
1-0: Foul Ball, location: 2F
1-1: Ball
2-1: Ball
3-1: Base on Balls
Sergio Márquez to second
Batting: RHB Will Brown 0-0: 3-RUN HOME RUN (Flyball, 7D), Distance : 352 ft
Pitching: LHP Rob Greene
Batting: SHB Ricardo Arévalo 0-0: Called Strike
0-1: Foul Ball, location: 2F
0-2: Strikes out swinging
Batting: RHB Javier Deleón 0-0: Ball
1-0: Foul Ball, location: 2F
1-1: Ball
2-1: Foul Ball, location: 2F
2-2: Ball
3-2: Base on Balls
Batting: SHB Martín Medina 0-0: Ball
1-0: SINGLE (Groundball, 4D)
Javier Deleón to second
Runner from 2nd tries for 3rd, SAFE, throw made to third
Batting: LHB John Horton 0-0: Foul Ball, location: 2F
0-1: Ball
1-1: Ball
2-1: Foul Ball, location: 2F
2-2: Strikes out swinging
Top of the 11th over - 3 run(s), 2 hit(s), 0 error(s), 2 left on base; Madison 9 - Fresno 6
BOTTOM OF THE 11TH
Fresno Deplorables batting - Pitching for Madison Bombers : RHP Carlos Ruíz
Pitching: RHP Ramiro Rivera
Batting: LHB Troy Donaldson 0-0: Ball
1-0: Fly out, F9 (Line Drive, 9D)
Batting: RHB Paco Arellano 0-0: Swinging Strike
0-1: Called Strike
0-2: Strikes out swinging
Batting: RHB Manolo Román 0-0: Ball
1-0: Called Strike
1-1: Foul Ball, location: 2F
1-2: Foul Ball, location: 2F
1-2: Fly out, F7 (Line Drive, 78M)
Bottom of the 11th over - 0 run(s), 0 hit(s), 0 error(s), 0 left on base; Madison 9 - Fresno 6
Thursday, March 30th, 2017 - OOTP Baseball 17.12 Build 75